 Dungeon Crawl Stone Soup version 0.29-a0-474-gdfe5cd140f (webtiles) character file.

Game seed: 11479005510557479498

8661 dolemite99 the Grappler (level 11, -3/105 HPs)
             Began as a Troll Ice Elementalist on May 24, 2022.
             Was a Believer of Qazlal.
             Slain by an unseen horror (8 damage)
             ... on level 10 of the Dungeon.
             The game lasted 00:16:00 (14143 turns).

dolemite99 the Grappler (Troll Ice Elementalist)   Turns: 14143, Time: 00:16:01

Health: -3/105     AC:  5    Str: 20    XL:     11   Next: 12%
Magic:  14/14      EV:  8    Int: 11    God:    Qazlal [**....]
Gold:   367        SH: 13    Dex:  9    Spells: 11/12 levels left

rFire   . . .      SeeInvis .     - Unarmed
rCold   . . .      Faith    .   p - +1 kite shield of Optimism {rPois Will++ Dex-3}
rNeg    . . .      Spirit   .   a - +0 robe
rPois   +          Reflect  .   (helmet restricted)
rElec   .          Harm     .   A - +0 cloak
rCorr   .          Rampage  .   (gloves unavailable)
Will    ++...                   (boots unavailable)
Stlth   +.........              (no amulet)
HPRegen 1.07/turn               (no ring)
MPRegen 0.14/turn               (no ring)

@: flying
A: large, unfitting armour, claws 3, regeneration 1, shaggy fur 1, tough skin 1
a: Renounce Religion, Upheaval


You were on level 10 of the Dungeon.
You worshipped Qazlal.
Qazlal was pleased with you.
You visited 1 branch of the dungeon, and saw 10 of its levels.
You also visited: Sewer and Ossuary.

You collected 466 gold pieces.
You spent 99 gold pieces at shops.

Inventory:

Hand Weapons
 I - a +0 hand axe
Missiles
 j - 238 stones
 k - 3 silver javelins
 w - 16 poisoned darts (quivered)
 D - 4 large rocks
 G - a throwing net
 H - 6 boomerangs
Armour
 a - a +0 robe (worn)
 p - the +1 kite shield of Optimism (worn) {rPois Will++ Dex-3}
   (You acquired it on level 3 of the Dungeon)

   Dex:       It affects your dexterity (-3).
   rPois:     It protects you from poison.
   Will:      It greatly increases your willpower.
 A - a +0 cloak (worn)
Magical Staves
 s - a staff of cold
 t - a staff of air
Jewellery
 l - a ring of poison resistance
Wands
 i - a wand of iceblast (1)
 E - a wand of flame (3)
Scrolls
 q - 2 scrolls of noise
 r - 2 scrolls of magic mapping
 z - 2 scrolls of teleportation
 B - a scroll of poison
 C - a scroll of enchant armour
Potions
 b - a potion of magic
 c - a potion of cancellation
 d - 3 potions of lignification
 e - a potion of degeneration
 f - 8 potions of curing
 g - a potion of flight
 m - a potion of haste
 o - 3 potions of mutation
 v - 3 potions of ambrosia
 x - 2 potions of attraction
 F - a potion of brilliance {unknown}


   Skills:
 - Level 5.7 Fighting
 - Level 4.4 Throwing
 - Level 1.5 Dodging
 - Level 1.0 Stealth
 - Level 7.5 Shields
 + Level 10.0 Unarmed Combat
 - Level 1.2 Spellcasting
 - Level 2.9 Ice Magic
 + Level 6.5 Invocations
 - Level 1.6 Evocations


You had 11 spell levels left.
You knew the following spells:

 Your Spells              Type           Power      Damage    Failure   Level
a - Freeze                Ice            28%        1d5       19%         1

Your spell library contained the following spells:

 Spells                   Type           Power      Damage    Failure   Level
 Frozen Ramparts          Ice            14%        1d3       50%         3
 Ozocubu's Armour         Ice            7%         N/A       50%         3
 Foxfire                  Conj/Fire      0%         2x1d4     54%         1
 Static Discharge         Conj/Air       0%         N/A       69%         2
 Conjure Flame            Conj/Fire      0%         6-21      89%         3
 Inner Flame              Hex/Fire       0%         N/A       89%         3
 Hailstorm                Conj/Ice       3%         3d3       98%         4
 Dispel Undead            Necr           0%         3d6       100%        4
 Flame Wave               Conj/Fire      0%         2d4       100%        4
 Sticky Flame             Conj/Fire      0%         2d3       100%        4


Dungeon Overview and Level Annotations

Branches:
Dungeon (10/15)            Temple (0/1) D:6           Sewer (visited)
Ossuary (visited)
   Lair: D:8-11         Orc: D:9-12

Altars:
Cheibriados
Dithmenos
Fedhas
Hepliaklqana
Makhleb
Nemelex Xobeh
Qazlal
Ru
Trog
Uskayaw
Vehumet
Xom
Yredelemnul

Shops:
D:1 (   D:6 [   D:7 [   D:10 (

Annotations:
D:3 2 transporters
D:4 2 transporters, ptdevnull's ghost, amateur TeBe
D:7 2 transporters, royokou's ghost, novice TrFi


Innate Abilities, Weirdness & Mutations

You are too large for most types of armour.
You have claws for hands.
Your natural rate of healing is unusually fast.
You are covered in fur. (AC +1)
You have tough skin. (AC +1)


Message History

You claw something! Something hits you. Something hits you but does no damage.
You scratch something. Something hits you! You block something's attack.
You barely miss something. Something hits you.
You claw something! Something hits you but does no damage.
You block something's attack. Something hits you!
You start resting.
Something hits you.
You start resting.
Something hits you. Something hits you. You block something's attack.
Something hits you but does no damage. Something hits you.
There is an open door here.
You block something's attack. Something hits you. Something hits you.
You block something's attack. Something hits you! x3
Something hits you! Something hits you.
There is an escape hatch in the ceiling here.
Something hits you!
* * * LOW HITPOINT WARNING * * *
Something hits you but does no damage. Something hits you.
* * * LOW HITPOINT WARNING * * *
You block something's attack.
There is an open door, spattered with blood here.
Something hits you.
* * * LOW HITPOINT WARNING * * *
Something hits you.
* * * LOW HITPOINT WARNING * * *
Something hits you!
* * * LOW HITPOINT WARNING * * *
Something hits you.
* * * LOW HITPOINT WARNING * * *
Something hits you.
* * * LOW HITPOINT WARNING * * *
Something hits you!
* * * LOW HITPOINT WARNING * * *
You feel very buoyant.
You fly up into the air.
You block something's attack. Something hits you!
You die...

#####'###### ##.# ### #...## #..#
###..# ##.## ########'#### ###..#
#### #...........# #...## #...
#...........# ###'#### #...
#...........# #......######...
#...........######......+....'...
#..........)##..@'......######...
#........<..'..###......# #...
#...........#### #......# #...
#...........# #......# #...
##'######### ####+### ##'# #. #..
### #### #...


There were no monsters in sight!

Vanquished Creatures
  Snorg (D:10)
  3 two-headed ogres
  An unseen horror (D:10)
  2 hornets
  A steam dragon (D:6)
  4 yaks
  2 vampire mosquitoes
  Edmund (D:6)
  2 orc warriors
  3 sky beasts
  An ice beast (D:7)
  An ogre (D:6)
  A black bear (D:6)
  3 centaurs
  5 elf zombies (Ossuary)
  2 kobold brigands (D:9)
  2 bullfrogs
  3 necrophages
  4 scorpions
  A gnoll sergeant (D:8)
  A water moccasin zombie (D:7)
  22 wights
  A jelly (D:6)
  3 killer bees (D:7)
  2 centaur zombies (Ossuary)
  A human zombie (Ossuary)
  A hound (D:5)
  A gnoll shaman (D:7)
  4 orc priests
  An iguana (D:7)
  9 orc wizards
  A killer bee zombie (D:7)
  2 mummies (Ossuary)
  15 gnolls
  9 adders
  4 river rats
  2 shadow imps (D:6)
  A white imp (D:8)
  2 ufetubi
  2 worms
  4 dart slugs
  21 orcs
  6 endoplasms
  2 giant cockroaches (D:2)
  8 goblins
  10 hobgoblins
  32 kobolds
  5 quokkas
  13 ball pythons
  5 bats
  7 frilled lizards
  5 hobgoblin zombies (Ossuary)
  3 jackal zombies (Ossuary)
  11 kobold zombies (Ossuary)
  9 orc zombies (Ossuary)
  A quokka zombie (D:4)
  22 rats
  2 rat zombies
293 creatures vanquished.

Notes
Turn   | Place    | Note
-------+----------+-------------------------------------------
     0 | D:1      | dolemite99 the Troll Ice Elementalist began the quest for
                  | the Orb.
     0 | D:1      | Reached XP level 1. HP: 16/16 MP: 1/1
    73 | D:1      | Found Jadip's Antique Weapon Boutique.
   107 | D:1      | Reached skill level 1 in Unarmed Combat
   165 | D:1      | Reached XP level 2. HP: 24/24 MP: 2/2
   267 | D:1      | Reached skill level 2 in Unarmed Combat
   673 | D:1      | Found a faded altar of an unknown god.
   748 | D:1      | Prayed at the altar of an unknown god.
   748 | D:1      | Became a worshipper of Qazlal Stormbringer
   748 | D:1      | Reached * piety under Qazlal
   844 | D:2      | Reached XP level 3. HP: 25/31 MP: 3/3
   984 | D:2      | Reached skill level 3 in Unarmed Combat
  1565 | D:2      | Reached XP level 4. HP: 39/39 MP: 4/4
  1723 | D:2      | Reached skill level 4 in Unarmed Combat
  2047 | D:3      | Noticed a kobold brigand
  2051 | D:3      | Found a sparkling altar of Nemelex Xobeh.
  2061 | D:3      | Found a transporter.
  2075 | D:3      | Found a transporter.
  2113 | D:3      | Found a glowing drain.
  2134 | Sewer    | Entered a sewer
  2168 | Sewer    | Reached ** piety under Qazlal
  2189 | Sewer    | Reached XP level 5. HP: 26/45 MP: 5/5
  2475 | Sewer    | Reached skill level 5 in Unarmed Combat
  2646 | Sewer    | Reached *** piety under Qazlal
  3007 | D:3      | Found a snail-covered altar of Cheibriados.
  3031 | D:3      | Identified a scroll of acquirement
  3031 | D:3      | Acquired the +1 kite shield of Optimism {rPois Will++
                  | Dex-3}
  3062 | D:3      | Found a sacrificial altar of Ru.
  3186 | D:3      | Reached skill level 1 in Shields
  3213 | D:3      | Reached XP level 6. HP: 49/53 MP: 6/6
  3239 | D:3      | Found a radiant altar of Vehumet.
  3809 | D:4      | Found a sand-covered staircase.
  3820 | Ossuary  | Entered an ossuary
  4008 | Ossuary  | Reached skill level 6 in Unarmed Combat
  4011 | Ossuary  | Reached **** piety under Qazlal
  4032 | Ossuary  | Reached XP level 7. HP: 54/59 MP: 7/7
  4326 | D:4      | Found a transporter.
  4327 | D:4      | Noticed ptdevnull's ghost (amateur TeBe)
  4330 | D:4      | Identified the +7 dire flail of Innocence {protect, Int+4
                  | Stlth+}
  4679 | D:4      | Found a transporter.
  4985 | D:5      | Entered Level 5 of the Dungeon
  5470 | D:5      | Reached skill level 7 in Unarmed Combat
  5489 | D:5      | Found a hide-covered altar of Uskayaw.
  5516 | D:5      | Reached skill level 1 in Evocations
  5772 | D:5      | Found a bloodstained altar of Trog.
  5865 | D:5      | Reached XP level 8. HP: 61/67 MP: 8/8
  6113 | D:6      | Reached skill level 1 in Invocations
  6115 | D:6      | Reached skill level 5 in Shields
  6633 | D:6      | Reached skill level 8 in Unarmed Combat
  6768 | D:6      | Found a staircase to the Ecumenical Temple.
  6768 | D:6      | Noticed Edmund
  6784 | D:6      | Killed Edmund
  6962 | D:6      | Reached XP level 9. HP: 30/74 MP: 10/10
  7010 | D:6      | Found a blossoming altar of Fedhas.
  7266 | D:6      | Found Momibriss's Antique Armour Emporium.
  7274 | D:6      | Bought a cloak for 99 gold pieces
  7327 | D:6      | Identified the +2 falchion of the Dungeon {elec, Fly}
  7882 | D:7      | Found a transporter.
  7882 | D:7      | Found Sediseq's Antique Armour Emporium.
  7885 | D:7      | Noticed a deep elf pyromancer
  7913 | D:7      | Noticed royokou's ghost (novice TrFi)
  8231 | D:7      | Found a burning altar of Makhleb.
  8232 | D:7      | Found a hazy altar of Hepliaklqana.
  8340 | D:7      | Reached skill level 9 in Unarmed Combat
  8601 | D:7      | Found a transporter.
  8611 | D:7      | Noticed a troll
  8842 | D:7      | Reached skill level 5 in Invocations
  8851 | D:7      | Noticed a two-headed ogre
  8876 | D:7      | Killed a two-headed ogre
  9284 | D:7      | Reached XP level 10. HP: 59/81 MP: 13/13
  9741 | D:7      | Reached skill level 1 in Fighting
  9758 | D:7      | Found a basalt altar of Yredelemnul.
  9857 | D:8      | Found a shimmering altar of Xom.
  9861 | D:8      | Found a shimmering altar of Xom.
 10955 | D:9      | Found a shadowy altar of Dithmenos.
 11055 | D:9      | Reached skill level 1 in Throwing
 11256 | D:9      | Found a transporter.
 11257 | D:9      | Found a transporter.
 11330 | D:9      | Found a transporter.
 11334 | D:9      | Found a transporter.
 11338 | D:9      | Found a transporter.
 11338 | D:9      | Found a transporter.
 11555 | D:9      | Noticed a two-headed ogre
 11564 | D:9      | Killed a two-headed ogre
 12000 | D:10     | Entered Level 10 of the Dungeon
 12003 | D:10     | Found Naul's Antique Weapon Emporium.
 12008 | D:10     | Noticed a two-headed ogre
 12027 | D:10     | HP: 3/91 [something (8)]
 13293 | D:10     | Noticed Snorg
 13306 | D:10     | Killed Snorg
 13307 | D:10     | Reached skill level 5 in Fighting
 13719 | D:10     | Reached XP level 11. HP: 105/105 MP: 14/14
 14077 | D:10     | Killed a two-headed ogre
 14078 | D:10     | Reached skill level 10 in Unarmed Combat
 14142 | D:10     | HP: 4/105 [something (9)]
 14143 | D:10     | Slain by an unseen horror

Illustrated notes

Levels and vault maps discovered:
D:1:      minmay_arrival_up_and_down, layout_basic, serial_shops,
          nicolae_shop_overgrown_old_shop,
          shapermc_ecumenical_altar_mp_vishouse, nrook_campfire
D:2:      layout_loops_corners
D:3:      layout_loops_corners, mainiacjoe_overflow_boulevard,
          gammafunk_temple_overflow_arena, mainiacjoe_overflow_small_starburst,
          lemuel_doored_altar, portal_sewer_entry_a, minmay_misc_feat_cross
D:4:      layout_gridville, serial_rivers, chequers_serial_rivers_small_a,
          chequers_serial_rivers_small_a, chequers_serial_rivers_micro_a,
          chequers_serial_rivers_small_b, chequers_serial_rivers_micro_a,
          chequers_serial_rivers_small_3, enter_ossuary_4,
          gammafunk_ghost_smash, chequers_serial_rivers_large_a,
          dk_rats_in_the_wall
D:5:      layout_rooms, nicolae_overflow_crystal_walls, lemuel_tele_altar,
          serial_rivers, chequers_serial_rivers_micro_b,
          chequers_serial_rivers_small_3, chequers_serial_rivers_room_b,
          chequers_serial_rivers_room_a, chequers_serial_rivers_marsh
D:6:      layout_basic, fedhas_altar_2, minmay_temple_entry_drinking_statues,
          serial_shops, shop, uniq_edmund
D:7:      layout_rooms, lemuel_zombie_altar_yredelemnul,
          mainiacjoe_overflow_divided_tiny, nzn_ghost_randoct, serial_shops,
          shop, hangedman_decor_riveting, kennysheep_dice
D:8:      layout_basic, xom_redecorated
D:9:      layout_basic, mainiacjoe_overflow_tiny_flanked, enter_bailey_4,
          serial_nicolae_subway, nicolae_sub_station_crystal,
          nicolae_sub_station_metal, nicolae_sub_station_stone
D:10:     layout_roguey, serial_shops, nicolae_shop_overgrown_old_shop,
          uniq_snorg

Skill      XL: |  1  2  3  4  5  6  7  8  9 10 11 |
---------------+----------------------------------+-----
Unarmed Combat | 1 2 3 4 5 6 7 8 9 10 | 10.0
Shields        | 1 3 4 6 7 |  7.5
Evocations     | 1 |  1.6
Invocations    | 3 5 6 |  6.5
Fighting       | 5 |  5.7
Throwing       | 4 |  4.4
Dodging        | |  1.5
Stealth        | |  1.0
Spellcasting   | |  1.2
Ice Magic      | |  2.9

Action                   |  1- 3 |  4- 6 |  7- 9 | 10-12 || total
-------------------------+-------+-------+-------+-------++-------
Melee: Unarmed           |    81 |   278 |   311 |   222 ||   892
       Punch             |     1 |     4 |       |       ||     5
Throw: Dart              |    30 |     6 |    20 |    28 ||    84
       Stone             |    18 |    60 |    30 |       ||   108
       Javelin           |       |       |     3 |     4 ||     7
Invok: Upheaval          |       |       |     4 |    15 ||    19
Evoke: Wand              |       |       |       |     8 ||     8
  Use: Scroll            |     7 |     6 |    12 |     3 ||    28
       Potion            |       |       |     6 |     7 ||    13
 Stab: Sleeping          |     1 |       |       |       ||     1
Armor: Robe              |    26 |   114 |    56 |    37 ||   233
       Skin              |       |       |       |    15 ||    15
Dodge: Dodged            |    35 |   105 |    52 |    39 ||   231
       Repelled          |       |       |     2 |       ||     2
Block: Other             |       |     9 |       |       ||     9
       Kite shield       |       |    76 |   211 |   162 ||   449

Table legend: (Time is in decaauts)
 A = Elapsed time spent in this place.
 B = Non-inter-level travel time spent in this place.
 C = Inter-level travel time spent in this place.
 D = Time resting spent in this place.
 E = Time spent auto-exploring this place.
 F = Levels seen in this place.
 G = Mean time per level.
                   A        B        C        D        E       F      G
               +--------+--------+--------+--------+--------+-----+--------+
         Total |  14162 |  13669 |    493 |   4381 |   6368 |  12 | 1180.2 |
       Dungeon |  12902 |  12409 |    493 |   4241 |   5785 |  10 | 1290.2 |
         Sewer |    815 |    815 |      0 |    138 |    413 |   1 |  815.0 |
       Ossuary |    445 |    445 |      0 |      2 |    170 |   1 |  445.0 |
               +--------+--------+--------+--------+--------+-----+--------+

Top non-repeatable levels by time:
     D:9: 1790 daAuts
     D:6: 1775 daAuts
     D:7: 1722 daAuts
    D:10: 1380 daAuts
     D:5: 1301 daAuts
     D:2: 1216 daAuts
     D:8: 1096 daAuts
     D:3: 938 daAuts
     D:4: 895 daAuts
   Sewer: 815 daAuts
     D:1: 785 daAuts
 Ossuary: 445 daAuts
